 Dungeon Crawl Stone Soup version 0.27-a0-1532-gca18f49f40 (webtiles) character file.

Game seed: 1497536739601748476

4840 lunkers the Basher (level 10, 0/109 (110) HPs)
             Began as an Ogre Warper on July 12, 2021.
             Was a Believer of Ru.
             Slain by a wight (1 damage)
             ... on level 8 of the Dungeon.
             The game lasted 00:21:22 (13481 turns).

lunkers the Basher (Ogre Warper)                   Turns: 13481, Time: 00:21:23

HP:   0/109 (110)   AC:  6    Str: 24    XL:     10   Next: 49%
MP:   11/11         EV: 10    Int: 21    God:    Ru [**....]
Gold: 174           SH:  0    Dex: 13    Spells: 3/13 levels left

rFire    . . .     SeeInvis .   a - +4 mace of Desperation {elec, Drain Int+5 Dex+5}
rCold    . . .     Faith    .   (no shield)
rNeg     . . .     Spirit   .   j - +0 steam dragon scales
rPois    .         Reflect  .   (helmet restricted)
rElec    .         Harm     .   (no cloak)
rCorr    .         Rampage  .   (gloves unavailable)
Will     +....                  (boots unavailable)
Stlth    +.........             (no amulet)
HPRegen  0.28/turn              E - +6 ring of strength
MPRegen  0.12/turn              (no ring)

@: lightly drained
A: large, unfitting armour, low mp 1, tough skin 1, unskilled 1
a: Renounce Religion


You were on level 8 of the Dungeon.
You worshipped Ru.
Ru was pleased with you.
You visited 2 branches of the dungeon, and saw 9 of its levels.
You also visited: Sewer.

You collected 374 gold pieces.
You spent 200 gold pieces at shops.

Inventory:

Hand Weapons
 a - the +4 mace of Desperation (weapon) {elec, Drain Int+5 Dex+5}
   (You bought it in a shop on level 4 of the Dungeon)

   Occasionally, upon striking a foe, it can discharge electrical energy and
   cause terrible harm.
   Int:       It affects your intelligence (+5).
   Dex:       It affects your dexterity (+5).
   Drain:     It drains your maximum health when unequipped.
 s - a +1 giant club
 B - a +2 flail of venom
Missiles
 d - 5 boomerangs of dispersal
 e - 101 stones (quivered)
 n - a curare-tipped dart
 v - 14 poisoned darts
 w - 8 javelins
 y - 3 boomerangs
Armour
 f - a +0 robe of resistance
 j - +0 steam dragon scales (worn)
Jewellery
 D - a ring of fire
 E - a +6 ring of strength (left hand)
Wands
 k - a wand of flame (22)
Scrolls
 c - 2 scrolls of blinking
 g - 2 scrolls of immolation
 o - a scroll of teleportation
 x - 2 scrolls of enchant weapon
 z - a scroll of fear
Potions
 i - 2 potions of heal wounds
 l - 3 potions of curing
 q - a potion of might
 r - a potion of magic
 t - 2 potions of flight
 A - a potion of attraction
 C - a potion of invisibility {unknown}
 G - a potion of lignification
Miscellaneous
 u - a piece from Xom's chessboard (15/15)


   Skills:
 + Level 10.0 Fighting
 * Level 10.7 Maces & Flails
 - Level 0.8 Throwing
 - Level 1.9 Dodging
 - Level 2.1 Spellcasting
 - Level 2.4 Translocations


You had 3 spell levels left.
You knew the following spells:

 Your Spells              Type           Power      Damage    Failure   Level
b - Blink                 Tloc           N/A        N/A       9%          2
c - Manifold Assault      Tloc           12%        N/A       83%         5
d - Teleport Other        Tloc           12%        N/A       16%         3

Your spell library contained the following spells:

 Spells                   Type           Power      Damage    Failure   Level
 Gell's Gravitas          Tloc           6%         N/A       16%         3
 Lesser Beckoning         Tloc           6%         N/A       16%         3
 Storm Form               Tmut/Air       1%         N/A       100%        7


Dungeon Overview and Level Annotations

Branches:
Dungeon (8/15)             Temple (1/1) D:4           Sewer (visited)
   Lair: D:8-11

Altars:
Cheibriados
Dithmenos
Elyvilon
Fedhas
Gozag
Hepliaklqana
Kikubaaqudgha
Makhleb
Qazlal
Ru
Sif Muna
Trog
Uskayaw
Vehumet
Wu Jian
Xom
Yredelemnul
The Shining One
Lugonu

Shops:
D:4 (

Annotations:
D:3 2 transporters, Rallik's ghost, amateur GrFi


Innate Abilities, Weirdness & Mutations

You are too large for most types of armour.
Your magical capacity is low. (-10% MP)
You have tough skin. (AC +1)
You are somewhat unskilled. (-1 Apt)


Message History

The killer bee stings you but does no damage.
The killer bee misses you. The killer bee closely misses you.
Unknown command.
Unknown command.
Unknown command.
You barely miss the killer bee.
You feel very sick.
You redirect the killer bee's attack!
The killer bee closely misses the killer bee.
The killer bee stings you.
* * * LOW HITPOINT WARNING * * *
The killer bee misses you. x2; The killer bee stings you.
* * * LOW HITPOINT WARNING * * *
You focus your inner power and illuminate the killer bee in retribution!
You feel better. The killer bee stings you.
* * * LOW HITPOINT WARNING * * *
The killer bee closely misses you.
The killer bee stings you but does no damage.
The killer bee stings you.
* * * LOW HITPOINT WARNING * * *
You are poisoned.
The killer bee poisons you! The killer bee completely misses you.
The killer bee closely misses you. The killer bee stings you.
* * * LOW HITPOINT WARNING * * *
The killer bee stings you.
* * * LOW HITPOINT WARNING * * *
You feel better.
Your surroundings suddenly seem different.
A wight comes into view. It is wielding a +0 falchion.
The wight hits you with a glowing halberd!
* * * LOW HITPOINT WARNING * * *
The wight freezes you.
* * * LOW HITPOINT WARNING * * *
The wight barely misses you. 2 wights come into view.
A wight is wielding a +6 halberd of freezing.
The wight hits you with a +6 halberd of freezing.
* * * LOW HITPOINT WARNING * * *
You feel drained. The wight freezes you.
You die...

#........#
#........+
#........#
#........#
#........#
#........#
#.z......#
#...z....#
#.z@.....#
#........#
#........#
..........#
...........#
.............#
.............#
.............#


You could see 3 wights.

Vanquished Creatures
  A two-headed ogre (D:5)
  Maggie (D:7)
  Prince Ribbit (D:5)
  Sigmund (D:6)
  A wyvern (D:7)
  A water moccasin (D:7)
  A sky beast (D:7)
  4 ice beasts
  5 ogres
  5 necrophages
  A centaur (D:7)
  A phantom (D:5)
  7 kobold brigands (Sewer)
  Blork the orc (D:5)
  A bullfrog (D:5)
  A wyvern zombie (D:6)
  A scorpion (D:5)
  A water moccasin zombie (D:5)
  2 water moccasin skeletons (D:5)
  2 killer bees (D:8)
  A howler monkey (D:5)
  A centaur zombie (D:7)
  2 bullfrog zombies (D:6)
  4 hounds
  An orc priest (D:5)
  A centaur skeleton (D:7)
  2 gnoll shamans
  A bullfrog skeleton (D:6)
  A scorpion zombie (D:5)
  5 iguanas
  4 orc wizards
  6 gnolls
  10 adders
  A white imp (D:6)
  An ufetubus (D:4)
  4 worms (Sewer)
  2 dart slugs
  24 orcs
  4 bats
  11 endoplasms
  9 giant cockroaches
  6 hobgoblins
  7 quokkas
  11 ball pythons
  4 frilled lizards (D:1)
  7 goblins
  9 kobolds
  15 rats
193 creatures vanquished.

Vanquished Creatures (others)
  10 plants (D:3)
10 creatures vanquished.

Grand Total: 203 creatures vanquished

Notes
Turn   | Place    | Note
-------+----------+-------------------------------------------
     0 | D:1      | lunkers the Ogre Warper began the quest for the Orb.
     0 | D:1      | Reached XP level 1. HP: 22/22 MP: 3/3
   151 | D:1      | Reached XP level 2. HP: 31/31 MP: 5/5
   787 | D:1      | Reached XP level 3. HP: 37/37 MP: 6/6
  1259 | D:1      | Found a faded altar of an unknown god.
  1644 | D:2      | You fall into a shaft and drop 2 floors!
  1667 | D:4      | Found Weneaxt's Antique Weapon Shop.
  1813 | D:4      | Found a staircase to the Ecumenical Temple.
  1825 | D:4      | Reached XP level 4. HP: 40/45 MP: 7/7
  1884 | Temple   | Entered the Ecumenical Temple
  1931 | Temple   | Became a worshipper of Ru the Awakened
  2301 | D:4      | Found a glowing drain.
  2332 | Sewer    | Entered a sewer
  2623 | Sewer    | Noticed a kobold brigand
  2639 | Sewer    | Killed a kobold brigand
  2640 | Sewer    | Reached XP level 5. HP: 21/54 MP: 8/8
  2849 | Sewer    | Noticed a kobold brigand
  2849 | Sewer    | Noticed a kobold brigand
  2866 | Sewer    | Killed a kobold brigand
  2867 | Sewer    | Reached skill level 5 in Maces & Flails
  2867 | Sewer    | Reached XP level 6. HP: 51/62 MP: 9/9
  3245 | Sewer    | Reached XP level 7. HP: 35/71 MP: 10/10
  3577 | Sewer    | Reached skill level 5 in Fighting
  4828 | D:3      | Gained mutation: You are somewhat unskilled. (-1 Apt) [Ru
                  | sacrifice]
  4828 | D:3      | Reduced skill Dodging to level 1
  4828 | D:3      | Reached * piety under Ru
  4938 | D:3      | Found a shimmering altar of Xom.
  4961 | D:3      | Found a transporter.
  5048 | D:3      | Found a transporter.
  5053 | D:3      | Noticed Rallik's ghost (amateur GrFi)
  5181 | D:2      | Found an opulent altar of Gozag.
  5190 | D:2      | Reached skill level 5 in Fighting
  5654 | D:3      | Found a blossoming altar of Fedhas.
  5662 | D:3      | Found an ornate altar of the Wu Jian Council.
  5663 | D:3      | Found a basalt altar of Yredelemnul.
  5663 | D:3      | Found a radiant altar of Vehumet.
  5665 | D:3      | Found a white marble altar of Elyvilon.
  5728 | D:3      | Found a hazy altar of Hepliaklqana.
  6081 | D:3      | Learned a level 2 spell: Blink
  6486 | D:4      | Reached XP level 8. HP: 47/80 MP: 11/11
  7746 | D:5      | Entered Level 5 of the Dungeon
  8339 | D:5      | Reached XP level 9. HP: 26/93 MP: 12/12
  8689 | D:5      | Found a radiant altar of Vehumet.
  8768 | D:5      | Gained mutation: Your magical capacity is low. (-10% MP)
                  | [Ru sacrifice]
  8768 | D:5      | Reached ** piety under Ru
  8776 | D:5      | Noticed a two-headed ogre
  8784 | D:5      | Killed a two-headed ogre
  8862 | D:4      | Bought a polished mace for 200 gold pieces
  8862 | D:4      | Identified the +4 mace of Desperation {elec, Drain Int+5
                  | Dex+5} (You bought it in a shop on level 4 of the Dungeon)
  9692 | D:5      | Learned a level 5 spell: Manifold Assault
  9696 | D:5      | Learned a level 3 spell: Teleport Other
  9850 | D:5      | Noticed Prince Ribbit
  9864 | D:5      | Killed Prince Ribbit
 10127 | D:6      | Noticed Blork the orc
 10132 | D:6      | Noticed Sigmund
 10285 | D:5      | Killed Blork the orc
 10577 | D:6      | Killed Sigmund
 10578 | D:6      | Reached XP level 10. HP: 84/107 MP: 11/11
 11087 | D:6      | Reached skill level 10 in Maces & Flails
 12123 | D:6      | Found a hide-covered altar of Uskayaw.
 12611 | D:7      | Found a snail-covered altar of Cheibriados.
 13260 | D:7      | Noticed Maggie
 13268 | D:7      | Killed Maggie
 13269 | D:7      | Reached skill level 10 in Fighting
 13479 | D:8      | HP: 3/110 [killer bee (3)]
 13480 | D:8      | HP: 1/110 [wight (3)]
 13481 | D:8      | Slain by a wight

Illustrated notes

Levels and vault maps discovered:
D:1:      nicolae_arrival_memento_mori, layout_loops_cross,
          shapermc_ecumenical_altar_acropolis, kennysheep_pointless_box,
          minmay_misc_feat_hallway
D:2:      layout_basic, basic_altar, kennysheep_generic_room_8
D:3:      layout_loops_ring, nicolae_hepliaklqana_hazy_memory, xom_butterflies,
          minitemple, gammafunk_ghost_stat_death, minmay_starry_boxes
D:4:      layout_cave_pods, minmay_temple_entry_drinking_statues,
          gup_sewer_entry_pipe, serial_shops, shop
D:5:      layout_gridville, minmay_ruined_shrine, uniq_prince_ribbit1
D:6:      minmay_chambers_of_threes, layout_basic, nicolae_uskayaw_suspiria,
          grunt_decor_one_mirror, minmay_misc_feat_more_columns, uniq_sigmund,
          uniq_blork_the_orc
D:7:      layout_cave_pools, cheibriados_altar_1, uniq_maggie
D:8:      layout_gridville, zin_angel, uniq_gastronok, uniq_pikel
Temple:   corrupted_temple

Skill      XL: |  1  2  3  4  5  6  7  8  9 10 |
---------------+-------------------------------+-----
Maces & Flails | 2 3 4 5 6 6 8 9 10 | 10.7
Fighting       | 3 4 5 7 9 10 | 10.0
Throwing       | 0 |  0.8
Dodging        | 1 |  1.9
Spellcasting   | |  2.1
Translocations | |  2.4

Action                   |  1- 3 |  4- 6 |  7- 9 | 10-12 || total
-------------------------+-------+-------+-------+-------++-------
Melee: Mace              |   107 |    34 |    62 |   146 ||   349
       Hand axe          |       |    39 |   243 |       ||   282
       Flail             |       |       |     7 |       ||     7
Throw: Stone             |    74 |    57 |   173 |    36 ||   340
Invok: Sacrifice Skill   |       |       |     1 |       ||     1
       Sacrifice Essence |       |       |     1 |       ||     1
Evoke: Wand              |       |     9 |    16 |     6 ||    31
  Use: Scroll            |       |       |       |    19 ||    19
       Potion            |       |       |       |     2 ||     2
 Stab: Distracted        |       |       |       |     1 ||     1
Armor: Robe              |    33 |    17 |    43 |    24 ||   117
       Steam dragon scal |       |       |       |    16 ||    16
Dodge: Dodged            |    57 |    31 |   104 |    64 ||   256

Table legend: (Time is in decaauts)
 A = Elapsed time spent in this place.
 B = Non-inter-level travel time spent in this place.
 C = Inter-level travel time spent in this place.
 D = Time resting spent in this place.
 E = Time spent auto-exploring this place.
 F = Levels seen in this place.
 G = Mean time per level.
                   A        B        C        D        E       F      G
               +--------+--------+--------+--------+--------+-----+--------+
         Total |  13760 |  13356 |    404 |   1179 |  10154 |  10 | 1376.0 |
       Dungeon |  11572 |  11181 |    391 |   1173 |   8393 |   8 | 1446.5 |
        Temple |     61 |     48 |     13 |      0 |     33 |   1 |   61.0 |
         Sewer |   2126 |   2126 |      0 |      6 |   1728 |   1 | 2126.0 |
               +--------+--------+--------+--------+--------+-----+--------+

Top non-repeatable levels by time:
     D:5: 2732 daAuts
     D:4: 2408 daAuts
   Sewer: 2126 daAuts
     D:3: 1503 daAuts
     D:1: 1421 daAuts
     D:6: 1318 daAuts
     D:7: 1276 daAuts
     D:2: 865 daAuts
  Temple: 61 daAuts
     D:8: 44 daAuts
